 Dungeon Crawl Stone Soup version 0.28-a0-687-gb91baff9cc (webtiles) character file.

Game seed: 6175180606757939154

0 spiderkeys the Skirmisher (level 1, -14/11 HPs)
             Began as a Vine Stalker Abyssal Knight on Oct 20, 2021.
             Was a Follower of Lugonu.
             Engulfed by a fire crab (shapeshifter)'s flame (19 damage)
             ... on level 2 of the Abyss.
             The game lasted 00:00:55 (165 turns).

spiderkeys the Skirmisher (VSAK)                     Turns: 165, Time: 00:00:56

Health: -14/11     AC:  3    Str: 15    XL:     1   Next: 0%
Magic:  0/3        EV: 11    Int: 10    God:    Lugonu [*.....]
Gold:   26         SH:  0    Dex: 14    Spells: 0/0 levels left

rFire   . . .      SeeInvis .   c - +0 rapier
rCold   . . .      Faith    .   (no shield)
rNeg    . . .      Spirit   +   b - +0 leather armour
rPois   .          Reflect  .   (no helmet)
rElec   .          Harm     .   (no cloak)
rCorr   .          Rampage  .   (no gloves)
Will    .....                   (no boots)
Stlth   +.........              (no amulet)
HPRegen 0.03/turn               (no ring)
MPRegen 0.08/turn               (no ring)

@: no status effects
A: fangs 2, magic shield, antimagic bite, no potion heal 2
a: Renounce Religion, Depart the Abyss


You were on level 2 of the Abyss.
You worshipped Lugonu.
Lugonu was aware of your devotion.
You visited 0 branches of the dungeon, and saw 0 of its levels.
You visited the Abyss 1 time.

You collected 26 gold pieces.


Innate Abilities, Weirdness & Mutations

You have extremely sharp teeth.
When hurt, damage is shared between your health and your magic reserves.
Your bite disrupts and absorbs the magic of your enemies.
Potions cannot restore your health.


   Skills:
 + Level 2.6 Fighting
 + Level 1.7 Short Blades
 + Level 1.5 Armour
 + Level 0.7 Dodging
 + Level 1.7 Invocations


You couldn't memorise any spells.
You didn't know any spells.
Your spell library was empty.

Inventory:

Hand Weapons
 a - a +1 short sword
 c - a +0 rapier (weapon)
   (You found it on level 2 of the Abyss)
Armour
 b - a +0 leather armour (worn)

Dungeon Overview and Level Annotations

Branches:
Dungeon (0/15)

Altars:

##....#....≈≈≈≈≈≈......
#....#.....!.≈≈≈≈≈≈... .
.........≈....#.≈≈ ≈≈≈#
....#.#.≈#......... ..+
.......≈≈......#......#+
......≈≈≈§≈≈.....≈≈≈ ≈≈.
...(.≈≈○○§≈≈≈≈≈≈≈≈≈≈≈#≈.
#....@○○..°°.t...... .
#.....○.#...#○....≈≈≈.
.......○.○......#.. .≈≈≈
...........$..........≈.
#####.#########....... ≈
#.. ##........ ....
##...°... .#.# ...#. .
.. ..###.. ..


There were no monsters in sight!


Message History

🤖 Initializing magus.rc ... ✅ Successfully initialized magus.rc [v1.9.10] Welcome, spiderkeys the Vine Stalker Abyssal Knight.
Are you destined to find the fabulous Orb of Zot, or to die trying?
Lugonu says: Depart the Abyss and spread corruption, my servant! (use the ability menu to exit the Abyss) Press ? for a list of commands and other information.
Found a scroll labelled LORAPE VUALAZ.
Found a corrupted altar of Lugonu.
c - a scroll labelled LORAPE VUALAZ
Found a gateway leading deeper into the Abyss.
There is a gateway leading deeper into the Abyss here.
You plunge deeper into the Abyss.
d - a scroll labelled BYEGAR NOINNO
e - a scroll labelled ANYWOV TOMIOPT You now have 26 gold pieces.
A tormentor comes into view.
Okay, then.
A blink frog comes into view. x2
A blink frog comes into view.
As you read the scroll labelled LORAPE VUALAZ, it crumbles to dust.
You feel strangely unstable.
You feel the power of the Abyss delaying your translocation!
It was a scroll of teleportation.
The blink frog croaks.
Blink to where?
Press: ? - help, Dir - move target
As you read the scroll labelled BYEGAR NOINNO, it crumbles to dust.
It was a scroll of blinking.
You are suddenly pulled into a different region of the Abyss!
You see here a +0 quarterstaff.
A tentacled starspawn comes into view.
You see here a +0 rapier.
c - a +0 rapier
c - a +0 rapier (weapon)
Unknown command.
As you read the scroll labelled ANYWOV TOMIOPT, it crumbles to dust.
It is a scroll of identify.
You don't have any unidentified items.
Tentacles burst from the starspawn's body! 2 starspawn tentacles come into view.
The starspawn tentacle grabs you.
The starspawn tentacle constricts you. 😕 HP[-2] MP[-1]
You take 2 damage, and now have 9/11 hp.
You lost 1 mp, and now have 2/3 mp.
The starspawn tentacle's grasp on you weakens, but your attempt to escape fails.
The starspawn tentacle constricts you. 😮 HP[-2] MP[-1]
You take 2 damage, and now have 7/11 hp.
You lost 1 mp, and now have 1/3 mp.
You escape the starspawn tentacle's grasp.
Unknown command.
The starspawn tentacle grabs you. The starspawn tentacle constricts you.
* * * LOW HITPOINT WARNING * * *
The starspawn tentacle loses its grip on you.
The tentacle pulls you backwards! 😨 HP[-3]
You take 3 damage, and now have 4/11 hp.
MASSIVE DAMAGE!! (PAUSE) Tentacles burst from the starspawn's body! 2 starspawn tentacles come into view. 😨 MP[+1] 😨 HP[+1] 😨 MP[+1]
Your mp is fully restored (3).
A tentacle flies out from the starspawn's body!
A starspawn tentacle comes into view.
The fire crab breathes flames at you. The fire crab breathes flames at you.
The fire crab breathes flames at you. The fire crab breathes flames at you.
You are engulfed in blazing flames.
Ouch! That really hurt!
You die...

Action                   || total
-------------------------++-------
  Use: Scroll            ||     3

Levels and vault maps discovered:
Abyss:2:  base: Temple, patterned_corridor, evilmike_abyss_exit_1,
          evilmike_abyss_exit_1

Notes
Turn   | Place    | Note
-------+----------+-------------------------------------------
     0 | Abyss:1  | spiderkeys the Vine Stalker Abyssal Knight began the quest
                  | for the Orb.
     0 | Abyss:1  | Reached XP level 1. HP: 11/11 MP: 3/3
     0 | Abyss:1  | magus.rc [v1.9.10]
    64 | Abyss:2  | Noticed a tormentor
    72 | Abyss:2  | Noticed a blink frog
    72 | Abyss:2  | Noticed a blink frog
    73 | Abyss:2  | Noticed a blink frog
   102 | Abyss:2  | Noticed a tentacled starspawn
   146 | Abyss:2  | Noticed a fire crab
   146 | Abyss:2  | a shapeshifter changed into a fire crab
   165 | Abyss:2  | Engulfed by a fire crab (shapeshifter)'s flame

Vanquished Creatures (others)
  6 starspawn tentacles (Abyss:2)
6 creatures vanquished.

Table legend:
 A = Non-vault XP
 B = Vault XP
 C = Vault XP percentage of total XP
 D = Non-vault monster count
 E = Vault monster count
 F = Vault count percentage of total count
                 A         B        C        D         E       F
            +---------+---------+-------+---------+---------+-------
      Total |       0 |       0 |   N/A |       0 |       0 |  -nan
            +---------+---------+-------+---------+---------+-------
            +---------+---------+-------+---------+---------+-------

Illustrated notes

Table legend: (Time is in decaauts)
 A = Elapsed time spent in this place.
 B = Non-inter-level travel time spent in this place.
 C = Inter-level travel time spent in this place.
 D = Time resting spent in this place.
 E = Time spent auto-exploring this place.
 F = Levels seen in this place.
 G = Mean time per level.
                   A        B        C        D        E       F      G
               +--------+--------+--------+--------+--------+-----+--------+
         Total |    164 |    164 |      0 |      0 |     33 |   2 |   82.0 |
         Abyss |    164 |    164 |      0 |      0 |     33 |   2 |   82.0 |
               +--------+--------+--------+--------+--------+-----+--------+

Top non-repeatable levels by time:
 Abyss:2: 127 daAuts
 Abyss:1: 37 daAuts
